 Dungeon Crawl Stone Soup version 0.23.2-40-g277498a001 (webtiles) character file.

Game seed: 7160920429169221121

1573 Delarado the Arsonist (level 8, 0/41 HPs)
             Began as a Deep Elf Fire Elementalist on Sept 24, 2019.
             Was a Follower of Vehumet.
             Shot with an arrow by a centaur (11 damage)
             ... on level 7 of the Dungeon.
             The game lasted 00:24:35 (8776 turns).

Delarado the Arsonist (Deep Elf Fire Elementalist)  Turns: 8776, Time: 00:24:36

Health: 0/41       AC:  2    Str:  5    XL:     8   Next: 59%
Magic:  0/14       EV: 13    Int: 23    God:    Vehumet [*.....]
Gold:   241        SH:  0    Dex: 15    Spells: 0/13 levels left

rFire    . . .     SeeInvis .   s - staff of wizardry
rCold    . . .     Gourm    .   (no shield)
rNeg     . . .     Faith    .   a - +0 robe
rPois    .         Spirit   .   (no helmet)
rElec    .         Reflect  .   (no cloak)
rCorr    .         Harm     .   (no gloves)
MR       .....                  (no boots)
Stlth    ++........             (no amulet)
HPRegen  0.13/turn              n - ring of flight
MPRegen  0.14/turn              (no ring)

@: lethally poisoned (0 -> -5)
A: no striking features
a: Renounce Religion, Evoke Flight


You were on level 7 of the Dungeon.
You worshipped Vehumet.
Vehumet was aware of your devotion.
You were near starving.

You visited 2 branches of the dungeon, and saw 8 of its levels.

You collected 283 gold pieces.
You spent 42 gold pieces at shops.

Inventory:

Hand Weapons
 g - a +0 short sword
 i - a +2 hunting sling of freezing
 u - a +0 hand axe
Missiles
 d - 215 stones (quivered)
Armour
 a - a +0 robe (worn)
Magical Staves
 s - an uncursed staff of wizardry (weapon)
Jewellery
 n - a ring of flight (left hand)
Wands
 f - a wand of acid (5)
 k - a wand of enslavement (13)
 v - a wand of iceblast (18)
 x - a wand of flame (16)
 B - a wand of polymorph (13)
 D - a wand of random effects (20)
Scrolls
 e - a scroll of enchant armour {unknown}
 j - 2 scrolls of random uselessness {unknown}
 l - 4 scrolls of blinking
 o - 5 scrolls of remove curse
 r - 3 scrolls of enchant weapon {unknown}
 w - 3 scrolls of teleportation
 y - a scroll of fog {unknown}
 A - a scroll of vulnerability {unknown}
Potions
 b - 3 potions of curing
 h - a potion of mutation
 m - 2 potions of lignification
 p - 2 potions of brilliance
 q - 3 potions of heal wounds {unknown}
 t - a potion of degeneration {unknown}
 z - 3 potions of flight {unknown}
 C - a potion of might {unknown}
 E - a potion of agility {unknown}
Comestibles
 c - 6 rations


   Skills:
 - Level 2.4 Dodging
 - Level 2.4 Stealth
 - Level 3.0 Spellcasting
 + Level 8.4 Conjurations
 + Level 9.1 Fire Magic


You couldn't memorise any spells.
You knew the following spells:

 Your Spells              Type           Power        Failure   Level  Hunger
a - Flame Tongue          Conj/Fire      #####        1%          1    None
b - Conjure Flame         Conj/Fire      #####...     1%          3    ###....
c - Sticky Flame          Conj/Fire      #####...     1%          4    ####...
d - Fireball              Conj/Fire      #####.....   3%          5    ######.

Your spell library contained the following spells:

 Spells                   Type           Power        Failure   Level  Hunger
 Sandblast                Erth           #.....       4%          1    None
 Throw Flame              Conj/Fire      #####.       1%          2    ##.....
 Inner Flame              Hex/Fire       ###.....     2%          3    ###....
 Summon Small Mammal      Summ           #...         4%          1    None
 Call Imp                 Summ           #.......     7%          2    ##.....
 Call Canine Familiar     Summ           #.......     14%         3    ###....
 Summon Guardian Golem    Hex/Summ       #.......     14%         3    ###....
 Summon Ice Beast         Ice/Summ       #.......     41%         4    ####...
 Summon Lightning Spire   Summ/Air       #.......     41%         4    ####...


Dungeon Overview and Level Annotations

Branches:
Dungeon (7/15)             Temple (1/1) D:5

Altars:
Ashenzari
Cheibriados
Dithmenos
Elyvilon
Fedhas
Gozag
Hepliaklqana
Kikubaaqudgha
Makhleb
Nemelex Xobeh
Okawaru
Qazlal
Ru
Sif Muna
Trog
Uskayaw
Vehumet
Wu Jian
Xom
Yredelemnul
Zin
The Shining One

Shops:
D:5 %(   D:6 *

Annotations:
D:2 1 exclusion
D:5 exclusion: hippogriff


Message History

The arrow hits you! The worker ant bites you.
You are more poisoned.
The worker ant poisons you!
You see here an arrow.
You feel sick.
You feel sick.
You feel sick.
Casting: Flame Tongue (safe; 1% risk of failure)
Confirm with . or Enter, or press ? or * to list all spells.
Aiming: Flame Tongue (safe; 1% risk of failure)
Press: ? - help, Shift-Dir - straight line, f/p - worker ant
Aim: a worker ant (severely wounded)
The flame tongue hits the worker ant.
You kill the worker ant!
Vehumet accepts your kill.
You can now gain magical power from killing.
Vehumet offers you knowledge of Sandblast.
The centaur shoots an arrow.
The arrow hits you but does no damage.
You feel sick.
The centaur shoots an arrow.
The arrow hits you!
You die...

......###############
....(...S...........#
>....#######..#######
Z.. #..# . #..#
#c.####.# #(......#
#c###########
#..(@<.......
#############


You could see a centaur.

Vanquished Creatures
  Menkaure (D:6)
  A sky beast (D:5)
  An orc warrior (D:4)
  An ogre (D:5)
  A centaur (D:6)
  2 phantoms
  A bullfrog (D:6)
  A gnoll sergeant (D:5)
  A scorpion (D:6)
  3 jellies
  3 howler monkeys (D:5)
  A quasit (D:6)
  2 hounds
  3 orc priests
  Terence (D:2)
  3 orc wizards
  2 worker ants
  A hound zombie (D:6)
  3 gnolls (D:5)
  4 adders
  2 shadow imps
  An adder skeleton (D:4)
  2 worms
  A dart slug (D:1)
  16 orcs
  4 ball pythons
  A giant cockroach (D:5)
  8 goblins
  7 hobgoblins
  14 jackals
  2 quokkas
  10 bats
  3 frilled lizards
  2 jackal zombies
  10 kobolds
  A leopard gecko skeleton (D:4)
  A quokka zombie (D:5)
  5 rats
126 creatures vanquished.

Vanquished Creatures (others)
  A leopard gecko skeleton (D:5)
1 creature vanquished.

Grand Total: 127 creatures vanquished

Notes
Turn   | Place    | Note
-------+----------+-------------------------------------------
     0 | D:1      | Delarado the Deep Elf Fire Elementalist began the quest for
                  | the Orb.
     0 | D:1      | Reached XP level 1. HP: 10/10 MP: 6/6
   199 | D:1      | Reached XP level 2. HP: 15/15 MP: 4/8
   764 | D:1      | Reached skill level 4 in Fire Magic
  1128 | D:2      | Reached XP level 3. HP: 19/19 MP: 7/9
  1133 | D:2      | Learned a level 3 spell: Conjure Flame
  1305 | D:2      | Noticed Terence
  1315 | D:2      | Killed Terence
  1610 | D:2      | Noticed an orc warrior
  1617 | D:2      | Reached XP level 4. HP: 24/24 MP: 7/10
  3320 | D:3      | Learned a level 4 spell: Sticky Flame
  3407 | D:4      | Reached skill level 5 in Fire Magic
  3407 | D:4      | Reached XP level 5. HP: 8/28 MP: 4/11
  3991 | D:4      | Noticed a phantom
  4163 | D:4      | Noticed an orc warrior
  4176 | D:4      | Killed an orc warrior
  4176 | D:4      | Reached XP level 6. HP: 20/32 MP: 0/12
  4339 | D:4      | Reached skill level 5 in Conjurations
  4339 | D:4      | Reached skill level 6 in Fire Magic
  4850 | D:5      | Entered Level 5 of the Dungeon
  4885 | D:4      | HP: 1/32 [poisoned by a gnoll sergeant]
  5248 | D:5      | Reached XP level 7. HP: 35/36 MP: 2/13
  5472 | D:5      | Reached skill level 7 in Fire Magic
  5601 | D:5      | Found Muxeh's Food Shoppe.
  5713 | D:5      | Noticed a hippogriff
  6146 | D:5      | Found a staircase to the Ecumenical Temple.
  6164 | Temple   | Entered the Ecumenical Temple
  6248 | Temple   | Became a worshipper of Vehumet
  6294 | D:5      | Reached XP level 8. HP: 38/41 MP: 5/14
  6370 | D:5      | Found Xyep Baza's Weapon Emporium.
  6409 | D:5      | Found a white marble altar of Elyvilon.
  6578 | D:5      | Reached skill level 8 in Fire Magic
  7061 | D:5      | Learned a level 5 spell: Fireball
  8061 | D:6      | Found a shattered altar of Ashenzari.
  8118 | D:6      | Found Yddeow's General Store.
  8123 | D:6      | Bought a potion of lignification for 42 gold pieces
  8140 | D:6      | Noticed Menkaure
  8146 | D:6      | Killed Menkaure
  8146 | D:6      | Reached skill level 9 in Fire Magic
  8775 | D:7      | Reached * piety under Vehumet
  8775 | D:7      | Offered knowledge of Sandblast by Vehumet.
  8776 | D:7      | Shot with an arrow by a centaur

Skill      XL: |  1  2  3  4  5  6  7  8 |
---------------+-------------------------+-----
Conjurations   | 2 3 4 5 7 8 |  8.4
Fire Magic     | 4 5 6 7 9 |  9.1
Dodging        | |  2.4
Stealth        | |  2.4
Spellcasting   | |  3.0

Action                   |  1- 3 |  4- 6 |  7- 9 || total
-------------------------+-------+-------+-------++-------
Melee: Short sword       |     1 |       |       ||     1
       Hunting sling     |       |     1 |       ||     1
       Staff             |       |       |    19 ||    19
 Fire: Hunting sling     |       |    41 |    15 ||    56
Throw: Stone             |    57 |     9 |     6 ||    72
 Cast: Flame Tongue      |    50 |    91 |    97 ||   238
       Conjure Flame     |     1 |     3 |       ||     4
       Sticky Flame      |       |     5 |    15 ||    20
  Use: Scroll            |       |     9 |     1 ||    10
  Eat: Chunk             |     2 |     7 |     7 ||    16
       Ration            |       |     2 |     1 ||     3
Armor: Robe              |     2 |     4 |    10 ||    16
Dodge: Dodged            |    19 |    32 |    53 ||   104
